 Dungeon Crawl Stone Soup version 0.19-a0-1109-g16db51f (webtiles) character file.

37 Jmtri7 the Bolt Thrower (level 3, 0/21 HPs)
             Began as a Kobold Hunter on Aug 9, 2016.
             Slain by an adder (2 damage)
             ... on level 2 of the Dungeon.
             The game lasted 00:05:13 (1480 turns).

Jmtri7 the Bolt Thrower (Kobold Hunter)             Turns: 1480, Time: 00:05:14

Health: 0/21       AC: 14    Str: 11    XL:     3   Next: 60%
Magic:  3/3        EV: -1    Int:  9    God:
Gold:   93         SH:  0    Dex: 16    Spells: 0 memorised, 2 levels left

rFire  . . .     SeeInvis .     b - +0 short sword
rCold  . . .     Gourm    .     o - +0 crystal plate armour
rNeg   + . .     Faith    .     (shield restricted)
rPois  .         Spirit   .     (no helmet)
rElec  .         Dismiss  .     (no cloak)
rCorr  .         Reflect  .     (no gloves)
SustAt .         Harm     .     (no boots)
MR     .....                    (no amulet)
Stlth  ..........               (no ring)
                                s - ring of positive energy

@: lethally poisoned (0 -> -7)
A: carnivore 3
a: no special abilities


You were on level 2 of the Dungeon.
You were completely stuffed.

You visited 1 branch of the dungeon, and saw 2 of its levels.

You collected 93 gold pieces.

Inventory:

Hand Weapons
 a - a +1 hand crossbow
 b - a +0 short sword (weapon)
Missiles
 d - 20 bolts
Armour
 c - a +0 leather armour
 o - a +0 crystal plate armour (worn)
Jewellery
 s - a ring of positive energy (left hand)
Scrolls
 e - 3 scrolls of teleportation {unknown}
 i - a scroll of identify {unknown}
 k - a scroll of enchant weapon {unknown}
 l - 2 scrolls of remove curse {unknown}
 n - a scroll of recharging {unknown}
 p - 3 scrolls of enchant armour {unknown}
 r - a scroll of blinking {unknown}
 t - a scroll of amnesia {unknown}
 u - a scroll of fear {unknown}
Potions
 g - a potion of flight {unknown}
 h - 2 potions of curing {unknown}
Comestibles
 f - 3 meat rations
 j - a royal jelly
 m - a beef jerky
 q - 2 chunks of flesh


   Skills:
 - Level 2.1 Fighting
 - Level 4.8 Crossbows
 + Level 1.2 Armour
 - Level 2.4 Dodging
 - Level 3.7 Stealth


You had 2 spell levels left.
You didn't know any spells.

Dungeon Overview and Level Annotations

Branches:
Dungeon (2/15)

Altars:


Innate Abilities, Weirdness & Mutations

You are small and have problems with some larger weapons.
You are carnivorous and can eat meat at any time.


Message History

You hit the adder.
The adder is severely wounded.
The adder bites you but does no damage.
You miss the adder.
The adder is severely wounded.
* * * LOW HITPOINT WARNING * * *
You feel sick.
The adder bites you but does no damage. x2
You closely miss the adder.
The adder is severely wounded.
* * * LOW HITPOINT WARNING * * *
You feel sick. The adder bites you but does no damage.
Your crystal plate armour prevents you from hitting the adder.
The adder is severely wounded.
The adder bites you but does no damage. The adder bites you.
* * * LOW HITPOINT WARNING * * *
You miss the adder.
The adder is severely wounded.
* * * LOW HITPOINT WARNING * * *
You feel sick. The adder bites you.
You die...

#. .# #. #.# #. ... #.
#.# # #. #.### ##.#.
#.#.## #
###...S#########....####
.......@..........).((.(
###....#########....####
##.#. #>#.## # # #.
#.### .. #.# ## #.# #.#
## #.# ##. #.# ##..


You could see an adder.

Vanquished Creatures
  An adder (D:2)
  A giant gecko (D:1)
  4 bats
  3 giant cockroaches
  3 goblins
  A hobgoblin (D:1)
  2 jackals (D:1)
  3 kobolds
  A ball python (D:1)
  2 giant newts (D:1)
  5 rats
26 creatures vanquished.

Notes
Turn   | Place    | Note
-------+----------+-------------------------------------------
     0 | D:1      | Jmtri7 the Kobold Hunter began the quest for the Orb.
     0 | D:1      | Reached XP level 1. HP: 12/12 MP: 1/1
   197 | D:1      | Reached XP level 2. HP: 17/17 MP: 2/2
   865 | D:2      | Reached XP level 3. HP: 20/21 MP: 3/3
  1209 | D:2      | Reached skill level 1 in Armour
  1480 | D:2      | Slain by an adder

Vault maps used:
D:1:      dpeg_arrival_tiny_h, minmay_misc_feat_hallway, minmay_curled_crystal
D:2:      first_bread, minmay_tetromino_t4

Skill      XL: |  1  2  3 |
---------------+----------+-----
Stealth        | 2 3 |  3.7
Armour         | 1 |  1.2
Fighting       | |  2.1
Crossbows      | |  4.8
Dodging        | |  2.4

Action                   || total
-------------------------++-------
Melee: Short sword       ||   155
 Fire: Hand crossbow     ||     1
 Stab: Sleeping          ||     2
  Eat: Chunk             ||    10
Armor: Leather armour    ||     4
       Crystal plate arm ||   157
Dodge: Dodged            ||    32
